 Dungeon Crawl Stone Soup version 0.28.0-53-g5a82cb258f (webtiles) character file.

Game seed: 3159251054660939605

349791 funkygono the Slayer (level 21, -9/217 HPs)
             Began as a Minotaur Hunter on July 8, 2022.
             Was the Champion of Okawaru.
             Shot with an arrow by a deep elf master archer (17 damage)
             ... on level 3 of the Elven Halls on July 12, 2022.
             The game lasted 02:42:20 (53845 turns).

funkygono the Slayer (Minotaur Hunter)             Turns: 53845, Time: 02:42:22

Health: -9/217     AC: 36    Str: 33    XL:     21   Next: 26%
Magic:  26/26      EV: 16    Int:  5    God:    Okawaru [******]
Gold:   1012       SH: 13    Dex: 12    Spells: 20/20 levels left

rFire   + . .      SeeInvis +   a - +9 double sword (freeze)
rCold   + . .      Faith    .   j - +1 buckler of Okawaru's Displeasure {Will+}
rNeg    . . .      Spirit   .   K - +9 swamp dragon scales of Houdommei {rPois Slay+5 SInv}
rPois   +          Reflect  +   B - +2 hood of the Assassin {Detection Stab+ Stlth++}
rElec   +          Harm     .   g - +2 cloak
rCorr   +          Rampage  +   f - +1 pair of gloves
Will    ++...                   L - +2 pair of boots "Uzemar" {Rampage +Inv rElec Int-3}
Stlth   ++++......              o - amulet of reflection
HPRegen 0.46/turn               O - +4 ring of protection
MPRegen 0.20/turn               Y - ring of Poehin {rPois Str+6}

@: about to teleport, resistant
A: horns 2, retaliatory headbutt
}: 2/15 runes: serpentine, barnacled
a: Renounce Religion, Evoke Invisibility, Heroism, Finesse, Duel


You were on level 3 of the Elven Halls.
You worshipped Okawaru.
Okawaru was exalted by your worship.
You visited 8 branches of the dungeon, and saw 39 of its levels.
You also visited: Bailey and Gauntlet.

You collected 3760 gold pieces.
You spent 2748 gold pieces at shops.

Inventory:

Hand Weapons
 a - a +9 double sword of freezing (weapon)
 b - the +6 hand crossbow "Imon" {vorpal, Dex+4}
   (You found it in a bailey)

   Any ammunition fired from it inflicts extra damage upon your enemies.
   Dex:       It affects your dexterity (+4).
 i - a +3 triple sword of holy wrath
Missiles
 d - 1347 bolts
Armour
 f - a +1 pair of gloves (worn)
 g - a +2 cloak (worn)
 j - the +1 buckler of Okawaru's Displeasure (worn) {Will+}
   (Okawaru gifted it to you on level 2 of the Orcish Mines)

   Will:      It increases your willpower.
 B - the +2 hood of the Assassin (worn) {Detection Stab+ Stlth++}
   (Okawaru gifted it to you on level 12 of the Dungeon)

   It allows the wearer to sense nearby creatures.
   It allows the wearer to make particularly effective stabbing attacks against
   helpless or unaware enemies with any weapon.
   Stlth:     It makes you much more stealthy.
 J - the +4 crystal plate armour "Kovit" {rPois rF- rC+++ Will-}
   (You bought it in a shop on level 1 of the Orcish Mines)

   rF:        It makes you vulnerable to fire.
   rC:        It renders you almost immune to cold.
   rPois:     It protects you from poison.
   Will:      It decreases your willpower.
 K - the +9 swamp dragon scales of Houdommei (worn) {rPois Slay+5 SInv}
   (You found it in a bailey)

   Slay:      It affects your accuracy & damage with ranged weapons and melee
   (+5).
   rPois:     It protects you from poison.
   SInv:      It lets you see invisible.
 L - the +2 pair of boots "Uzemar" (worn) {Rampage +Inv rElec Int-3}
   (Okawaru gifted it to you on level 15 of the Dungeon)

   Int:       It affects your intelligence (-3).
   rElec:     It insulates you from electricity.
   +Inv:      It lets you turn invisible.
   Rampage:   It bestows one free step when moving towards enemies.
Jewellery
 c - an amulet of guardian spirit
 h - the ring of Deleusu {rC+ rCorr Slay+2}
   (You found it on level 1 of the Shoals)

   [ring of protection from cold]

   Slay:      It affects your accuracy & damage with ranged weapons and melee
   (+2).
   rC:        It protects you from cold.
   rCorr:     It protects you from acid and corrosion.
 n - a +4 ring of slaying
 o - an amulet of reflection (around neck)
 z - a ring of willpower
 F - a ring of willpower
 O - a +4 ring of protection (left hand)
 R - a +4 ring of protection
 Y - the ring of Poehin (right hand) {rPois Str+6}
   (You found it on level 12 of the Dungeon)

   [ring of strength]

   Str:       It affects your strength (+6).
   rPois:     It protects you from poison.
Wands
 x - a wand of iceblast (27)
 A - a wand of acid (15)
 D - a wand of flame (34)
 M - a wand of digging (22)
 Q - a wand of mindburst (31)
Scrolls
 m - 2 scrolls of fear
 q - 8 scrolls of teleportation
 s - a scroll of silence
 u - 6 scrolls of blinking
 v - 7 scrolls of magic mapping
 y - 11 scrolls of identify
 G - 6 scrolls of fog
Potions
 e - 9 potions of curing
 l - 5 potions of resistance
 p - 4 potions of cancellation
 r - 2 potions of flight
 t - 8 potions of might
 w - 8 potions of mutation
 C - a potion of invisibility
 E - a potion of brilliance
 H - 2 potions of haste
Miscellaneous
 I - a lightning rod (4/4)


   Skills:
 + Level 25.0 Fighting
 - Level 4.8(14.1) Short Blades
 + Level 21.9(22.1) Long Blades
 + Level 17.5 Crossbows
 + Level 13.8 Armour
 + Level 13.0 Dodging
 + Level 5.3 Stealth
 + Level 14.4 Shields
 + Level 8.9 Invocations
 + Level 3.4 Evocations


You had 20 spell levels left.
You didn't know any spells.
Your spell library contained the following spells:

 Spells                   Type           Power      Damage    Failure   Level
 Apportation              Tloc           0%         N/A       61%         1
 Beastly Appendage        Tmut           0%         N/A       61%         1
 Sandblast                Erth           0%         2d4       61%         1
 Shock                    Conj/Air       0%         1d3       61%         1
 Slow                     Hex            0%         N/A       61%         1
 Sting                    Tmut/Pois      0%         1d3       61%         1
 Corpse Rot               Necr/Air       0%         N/A       75%         2
 Ensorcelled Hibernation  Hex/Ice        0%         N/A       75%         2
 Passwall                 Tmut/Erth      0%         N/A       75%         2
 Poisonous Vapours        Pois/Air       0%         N/A       75%         2
 Sublimation of Blood     Necr           0%         N/A       75%         2
 Wereblood                Tmut           0%         N/A       75%         2
 Confusing Touch          Hex            0%         N/A       93%         3
 Inner Flame              Hex/Fire       0%         N/A       93%         3
 Ozocubu's Armour         Ice            0%         N/A       93%         3
 Portal Projectile        Hex/Tloc       0%         N/A       93%         3
 Spider Form              Tmut/Pois      0%         N/A       93%         3
 Stone Arrow              Conj/Erth      0%         3d7       93%         3
 Swiftness                Air            0%         N/A       93%         3
 Vampiric Draining        Necr           0%         2d6       93%         3
 Dispel Undead            Necr           0%         3d6       100%        4
 Leda's Liquefaction      Hex/Erth       0%         N/A       100%        4
 Olgreb's Toxic Radiance  Pois           0%         N/A       100%        4
 Passage of Golubria      Tloc           0%         N/A       100%        4
 Petrify                  Tmut/Erth      0%         N/A       100%        4
 Agony                    Necr           0%         N/A       100%        5
 Alistair's Intoxication  Tmut/Pois      0%         N/A       100%        5
 Blade Hands              Tmut           0%         N/A       100%        5
 Excruciating Wounds      Necr           0%         N/A       100%        5
 Fireball                 Conj/Fire      0%         3d3       100%        5
 Irradiate                Conj/Tmut      0%         3d14      100%        5
 Iskenderun's Battlesphe  Conj           0%         2d6       100%        5
 Silence                  Hex/Air        0%         N/A       100%        5
 Dispersal                Tloc           0%         N/A       100%        6
 Iron Shot                Conj/Erth      0%         9d1       100%        6
 Orb of Destruction       Conj           0%         9d5       100%        7
 Ozocubu's Refrigeration  Ice            0%         4d5       100%        7
 Storm Form               Tmut/Air       0%         N/A       100%        7
 Disjunction              Tloc           0%         N/A       100%        8
 Lehudib's Crystal Spear  Conj/Erth      0%         10d2      100%        8
 Maxwell's Capacitive Co  Air            0%         ∞         100%        8
 Animate Skeleton         Necr           Unusable   N/A       N/A         1
 Call Canine Familiar     Summ           Unusable   N/A       N/A         3
 Summon Lightning Spire   Summ/Air       Unusable   N/A       N/A         4
 Death Channel            Necr           Unusable   N/A       N/A         6
 Spellforged Servitor     Conj/Summ      Unusable   N/A       N/A         7

Dungeon Overview and Level Annotations

Branches:
Dungeon (15/15)            Temple (1/1) D:6            Lair (6/6) D:8
 Shoals (4/4) Lair:3        Snake (4/4) Lair:3        Slime (0/5) Lair:5
    Orc (2/2) D:10            Elf (3/3) Orc:2        Vaults (4/5) D:13
  Crypt (0/3) Vaults:2     Depths (0/4) D:15         Bailey (visited)
Gauntlet (visited)

Altars:
Ashenzari
Cheibriados
Dithmenos
Elyvilon
Fedhas
Gozag
Hepliaklqana
Kikubaaqudgha
Makhleb
Nemelex Xobeh
Okawaru
Qazlal
Ru
Sif Muna
Trog
Uskayaw
Vehumet
Wu Jian
Xom
Yredelemnul
Zin
The Shining One
Beogh
Jiyva

Shops:
D:2 (   D:6 !   D:10 [   Orc:1 [   Orc:2 [!=*   Elf:1 (*(*   Elf:2 :
Vaults:2 :   Vaults:3 ?

Portals:
Pandemonium: Orc:2

Annotations:
D:9 3 runed translucent doors, hurston's ghost, novice GrFi
Orc:2 3 runed translucent doors, dhn's ghost, journeyman MiFi


Innate Abilities, Weirdness & Mutations

You have a pair of horns on your head.
You reflexively headbutt those who attack you in melee.


Message History

The deep elf knight seems to speed up.
You slash the deep elf death mage! You freeze the deep elf death mage.
The deep elf death mage is almost dead.
The deep elf pyromancer gestures wildly while chanting.
You block the deep elf death mage's attack.
You barely miss the deep elf death mage.
The deep elf death mage is almost dead.
You barely miss the deep elf death mage.
The deep elf death mage is almost dead.
The deep elf death mage draws life force from you!!
* * * LOW HITPOINT WARNING * * *
The deep elf death mage is healed by the life force!
Unknown command.
Okay, then.
You feel much better.
The deep elf death mage barely misses you.
Unknown command.
As you read the scroll of teleportation, it crumbles to dust.
You feel strangely unstable.
The deep elf annihilator mumbles some strange words.
The deep elf annihilator blinks!
The deep elf death mage hits you but does no damage.
The deep elf demonologist mumbles some strange words.
Unknown command.
You barely miss the deep elf death mage.
You headbutt the deep elf death mage!
You kill the deep elf death mage!
Okawaru accepts your kill.
You barely miss the earth elemental. You headbutt the earth elemental!
The earth elemental is lightly damaged.
The smoke demon gestures at you. Something smites you!
* * * LOW HITPOINT WARNING * * *
You chop the earth elemental into pieces!!!
You destroy the earth elemental!
Okawaru accepts your kill.
The deep elf master archer wields a +0 longbow.
The deep elf master archer shoots an arrow.
The arrow hits you!
You die...

##
#...#......)....##.###.......
#.###..##........##....^..####
## #.#.##........######.###
#########.).### ### #.# #)#
### #.# #.. #)# #.# #@# #.. {
#)# #.#


{{ee3{{ ##.# e§EeEee { #... ..E1§.. ##.# ......... ##.# ........... { ##..
............. ###. #... You could see a Brimstone Fiend (summoned), a deep elf
master archer, a deep elf annihilator, a deep elf elementalist (fast, repels
missiles), a deep elf demonologist, an earth elemental, a deep elf pyromancer, a
smoke demon (summoned) and 2 fire elementals.

Vanquished Creatures
  A deep elf master archer (Elf:3)
  Asterion (Snake:1)
  Mlioglotl (Snake:1)
  2 deep elf blademasters (Elf:3)
  The ghost of AtomicRavioli the Warrior, an adept OgFi of Makhleb (Shoals:3)
  2 sphinxes
  Frances (D:14)
  Agnes (D:14)
  Kirke (D:15)
  2 tengu reavers
  2 nagarajas
  Donald (Shoals:4)
  The ghost of Liimbo the Severer, an adept FoWn of the Shining One (Shoals:1)
  2 frost giants (Shoals:1)
  5 vault wardens
  Aizul (Snake:2)
  An orc warlord (Vaults:4)
  3 deep elf sorcerers (Elf:3)
  17 ironbound preservers
  A deep elf elementalist (Elf:3)
  The ghost of mandor the Thaumaturge, a journeyman DjSu of Makhleb (Lair:1)
  6 ironbound thunderhulks
  A very ugly thing (Vaults:1)
  2 deep elf demonologists (Elf:3)
  A minotaur (Gauntlet)
  Azrael (D:14)
  2 deep elf annihilators (Elf:3)
  19 dire elephants
  A fire dragon (D:15)
  An ettin (D:13)
  6 deep elf death magi
  6 merfolk javelineers (Shoals:4)
  Josephine (D:10)
  4 merfolk impalers
  5 great orbs of eyes
  An ice dragon (D:13)
  A spectral kraken (Shoals:3)
  2 deep elf high priests (Elf:3)
  6 boulder beetles
  7 yaktaur captains
  12 hydras
  5 salamander tyrants (Snake:4)
  13 naga warriors
  An ogre mage (D:14)
  2 vault guards
  4 catoblepae
  2 demonspawn (Orc:2)
  11 anacondas
  6 merfolk avatars
  2 peacekeepers
  12 death yaks
  6 centaur warriors
  30 dancing weapons
  A death knight (D:13)
  An alligator snapping turtle (Shoals:2)
  6 ironbound frosthearts
  4 two-headed ogres
  2 tengu warriors
  3 merfolk aquamancers (Shoals:4)
  3 satyrs (Shoals:4)
  A thrashing horror (Gauntlet)
  11 shock serpents
  19 naga sharpshooters
  2 vampire magi (Vaults:2)
  7 orc high priests (Orc:2)
  A shock serpent (shapeshifter) (D:15)
  Urug (D:10)
  Sonja (Lair:6)
  21 deep elf knights
  A sun demon (Orc:2)
  2 skeletal warriors (D:13)
  7 salamander mystics
  6 naga ritualists
  A kraken simulacrum (Shoals:1)
  10 deep elf archers
  An obsidian statue (Gauntlet)
  7 sea snakes
  30 deep trolls
  4 necromancers
  7 orc knights
  6 wizards
  20 ironbound convokers
  31 harpies
  24 deep elf pyromancers
  6 lindwurms
  A sphinx zombie (Vaults:3)
  36 ugly things
  26 deep elf zephyrmancers
  2 wolf spiders
  13 fauns
  22 salamanders
  A fire giant zombie (Vaults:3)
  6 orc sorcerers
  7 mana vipers
  5 cyclopes
  2 elephants (Lair:4)
  13 manticores
  5 large abominations (Elf:1)
  A moth of wrath (Lair:1)
  4 water nymphs
  12 naga magi
  7 merfolk sirens
  38 black mambas
  3 gargoyles
  Maggie (D:6)
  8 guardian serpents
  16 vault sentinels
  A yaktaur zombie (Vaults:3)
  2 spectral sea snakes (Shoals:3)
  Psyche (D:12)
  A kobold demonologist (D:14)
  An unseen horror (D:12)
  A rime drake (shapeshifter) (D:15)
  3 rime drakes
  18 cane toads
  2 torpor snails
  An unseen horror (shapeshifter) (D:15)
  17 yaktaurs
  2 efreet (D:15)
  A komodo dragon (shapeshifter) (Elf:1)
  3 human zombies
  12 komodo dragons
  A yaktaur skeleton (Vaults:3)
  2 freezing wraiths
  2 hellwings (Orc:2)
  An elf skeleton (Vaults:2)
  7 trolls
  30 merfolk
  4 wind drakes
  A polar bear (Lair:5)
  A slime creature (shapeshifter) (Elf:2)
  23 blink frogs
  6 snapping turtles
  22 slime creatures
  14 dream sheep
  A deep troll skeleton (Vaults:3)
  4 air elementals
  3 centaur simulacra
  2 shadows
  11 wraiths
  2 vampires
  60 yaks
  11 water elementals
  3 fire elementals
  A basilisk (Lair:4)
  3 wyverns
  An alligator snapping turtle simulacrum (Shoals:1)
  4 hogs (D:15)
  3 humans (D:15)
  An elf simulacrum (Vaults:2)
  2 steam dragons
  2 harpy simulacra (Shoals:1)
  A sea snake simulacrum (Shoals:1)
  3 death yak simulacra (Shoals:1)
  9 vampire mosquitoes
  An acid dragon (D:11)
  47 nagas
  A warg (Orc:1)
  26 water moccasins
  4 spectral snapping turtles (Shoals:3)
  4 hell hounds (D:14)
  2 sky beasts
  30 orc warriors
  8 black bears
  An ice beast (D:7)
  5 necrophages
  4 satyr simulacra (Shoals:1)
  8 boggarts (Vaults:1)
  A human skeleton (Vaults:3)
  4 ogres
  15 centaurs
  8 wolves
  A phantom (D:6)
  10 bullfrogs
  3 elf zombies (Elf:1)
  3 kobold brigands
  A scorpion (D:5)
  A wyvern zombie (D:9)
  A glowing shapeshifter simulacrum (Vaults:2)
  2 merfolk simulacra (Shoals:1)
  3 faun simulacra (Shoals:1)
  2 earth elementals
  An ogre simulacrum (Vaults:3)
  2 small abominations (Gauntlet)
  4 snapping turtle simulacra (Shoals:1)
  6 killer bees (D:7)
  9 wights
  4 electric eels
  5 howler monkeys
  4 lava snakes (Lair:2)
  2 bullfrog zombies
  2 centaur zombies (D:8)
  A hound (D:6)
  2 jellies
  21 orc priests
  A gnoll shaman (D:4)
  A bullfrog skeleton (D:3)
  4 iguanas
  15 orc wizards
  A howler monkey zombie (D:9)
  11 gnolls
  3 adders
  2 howler monkey skeletons (D:7)
  12 river rats (D:6)
  2 shadow imps (D:6)
  An ufetubus (D:7)
  A worm (D:2)
  A dart slug (D:1)
  76 orcs
  8 ball pythons
  12 endoplasms
  4 giant cockroaches
  11 goblins
  4 hobgoblins
  4 jackals (D:4)
  23 kobolds
  12 quokkas
  5 bats
  3 frilled lizards (D:2)
  23 rats
  A spectral hobgoblin (D:2)
  2 tentacles
1512 creatures vanquished.

Vanquished Creatures (others)
  A dancing weapon (Elf:2)
  A gnoll (Orc:1)
  26 demonic plants (Gauntlet)
  82 fungi
  362 plants
  9 tentacles
  2 withered plants (Shoals:1)
483 creatures vanquished.

Grand Total: 1995 creatures vanquished

Notes
Turn   | Place    | Note
-------+----------+-------------------------------------------
     0 | D:1      | funkygono the Minotaur Hunter began the quest for the Orb.
     0 | D:1      | Reached XP level 1. HP: 18/18 MP: 0/0
   137 | D:1      | Reached XP level 2. HP: 25/25 MP: 1/1
   193 | D:1      | Reached skill level 5 in Crossbows
   646 | D:1      | Reached XP level 3. HP: 30/30 MP: 2/2
   888 | D:2      | You fall into a shaft and drop 1 floor!
   946 | D:3      | Found a blossoming altar of Fedhas.
   966 | D:3      | Noticed a necrophage
   974 | D:3      | Killed a necrophage
   975 | D:3      | Reached skill level 1 in Short Blades
   975 | D:3      | Reached skill level 1 in Armour
   975 | D:3      | Reached XP level 4. HP: 34/37 MP: 3/3
  1107 | D:2      | Reached XP level 5. HP: 44/44 MP: 4/4
  1234 | D:2      | Found a faded altar of an unknown god.
  1386 | D:2      | Found Faoc's Antique Weapon Shop.
  1812 | D:3      | Reached skill level 3 in Fighting
  1857 | D:3      | Noticed a water moccasin
  1865 | D:3      | Killed a water moccasin
  1866 | D:3      | Reached skill level 1 in Stealth
  1866 | D:3      | Reached XP level 6. HP: 48/51 MP: 5/5
  2482 | D:4      | Reached skill level 4 in Fighting
  2482 | D:4      | Reached XP level 7. HP: 59/59 MP: 6/6
  2892 | D:4      | Found a hide-covered altar of Uskayaw.
  3177 | D:5      | Entered Level 5 of the Dungeon
  3316 | D:5      | Reached skill level 5 in Fighting
  3316 | D:5      | Reached XP level 8. HP: 68/68 MP: 7/7
  4361 | D:6      | Found a staircase to the Ecumenical Temple.
  4383 | D:6      | Reached skill level 1 in Long Blades
  4411 | Temple   | Entered the Ecumenical Temple
  4492 | Temple   | Became a worshipper of Warmaster Okawaru
  4796 | D:6      | Noticed Maggie
  4817 | D:6      | Killed Maggie
  4817 | D:6      | Reached * piety under Okawaru
  5109 | D:6      | Found Noiph's Distillery.
  5170 | D:6      | Reached skill level 6 in Fighting
  5205 | D:6      | Reached skill level 5 in Armour
  5205 | D:6      | Reached XP level 9. HP: 69/75 MP: 8/8
  5920 | D:7      | Reached skill level 10 in Crossbows
  5924 | D:7      | Reached ** piety under Okawaru
  6370 | D:7      | Reached skill level 5 in Long Blades
  6413 | D:7      | Found a bloodstained altar of Trog.
  6415 | D:7      | Found a snail-covered altar of Cheibriados.
  6786 | D:8      | Reached skill level 7 in Fighting
  7058 | D:8      | Reached skill level 1 in Invocations
  7143 | D:8      | Reached XP level 10. HP: 86/86 MP: 6/9
  7159 | D:8      | Reached *** piety under Okawaru
  7463 | D:8      | Found a staircase to the Lair.
  7893 | D:9      | Found a runed translucent gate.
  7893 | D:9      | Found a runed translucent gate.
  7893 | D:9      | Found a runed translucent gate.
  7895 | D:9      | Noticed hurston's ghost (novice GrFi)
  7900 | D:9      | Found a viscous altar of Jiyva.
  8008 | D:9      | Reached skill level 8 in Fighting
  8582 | D:10     | Entered Level 10 of the Dungeon
  8582 | D:10     | Noticed Urug
  8588 | D:10     | Killed Urug
  8726 | D:10     | Found a flagged portal.
  8747 | Bailey   | Entered a bailey
  9104 | Bailey   | Found a large runed translucent door.
  9104 | Bailey   | Found a large runed translucent door.
  9105 | Bailey   | Noticed a deep elf zephyrmancer
  9105 | Bailey   | Noticed an orc knight
  9132 | Bailey   | Reached skill level 9 in Fighting
  9317 | Bailey   | Killed an orc knight
  9643 | Bailey   | Killed a deep elf zephyrmancer
  9643 | Bailey   | Received a gift from Okawaru
  9644 | Bailey   | Reached XP level 11. HP: 70/97 MP: 6/12
  9653 | Bailey   | Identified the +9 swamp dragon scales of Houdommei {rPois
                  | Slay+5 SInv}
  9659 | Bailey   | Identified the +6 hand crossbow "Imon" {vorpal, Dex+4}
  9666 | Bailey   | Identified the +1 plate armour "Tamu" {MP+9 Str+8 Int-2
                  | Dex-5}
  9822 | D:10     | Found Jafone's Armour Shop.
  9999 | D:10     | Noticed Josephine
 10034 | D:10     | Killed Josephine
 10181 | D:10     | Found a staircase to the Orcish Mines.
 10452 | Lair:1   | Entered Level 1 of the Lair of Beasts
 10477 | Lair:1   | You fall into a shaft and drop 1 floor!
 10520 | Lair:1   | Reached skill level 10 in Fighting
 10520 | Lair:1   | Reached skill level 10 in Long Blades
 10526 | Lair:1   | Reached **** piety under Okawaru
 10695 | Lair:1   | Found a transporter.
 10984 | Lair:1   | Noticed an eight-headed hydra
 10992 | Lair:1   | Killed a six-headed hydra
 11019 | Lair:1   | Noticed mandor's ghost (journeyman DjSu)
 11029 | Lair:1   | Found a transporter.
 11030 | Lair:1   | Noticed a four-headed hydra
 11319 | Lair:2   | Received a gift from Okawaru
 11956 | Lair:2   | Reached skill level 11 in Fighting
 12398 | Lair:3   | Found a staircase to the Shoals.
 12463 | Lair:3   | Reached XP level 12. HP: 101/110 MP: 11/14
 12463 | Lair:3   | Received a gift from Okawaru
 12540 | Lair:3   | Reached skill level 5 in Invocations
 12560 | Lair:3   | Identified the amulet of Cyen {RegenMP Dex+3 Slay+3}
 12605 | Lair:3   | Received a gift from Okawaru
 12799 | Lair:3   | Found a staircase to the Snake Pit.
 12978 | Lair:3   | Received a gift from Okawaru
 12979 | Lair:3   | Reached skill level 5 in Dodging
 13889 | Lair:4   | Received a gift from Okawaru
 13969 | Lair:4   | Reached skill level 12 in Fighting
 13969 | Lair:4   | Received a gift from Okawaru
 14033 | Lair:4   | Received a gift from Okawaru
 14064 | Lair:4   | Noticed a death yak
 14064 | Lair:4   | Noticed a death yak
 14082 | Lair:4   | Killed a death yak
 14088 | Lair:4   | Killed a death yak
 14090 | Lair:4   | Reached ***** piety under Okawaru
 14188 | Lair:4   | Noticed a seven-headed hydra
 14199 | Lair:4   | Killed an 11-headed hydra
 14295 | Lair:4   | Received a gift from Okawaru
 14296 | Lair:4   | Reached XP level 13. HP: 119/119 MP: 16/16
 14927 | Lair:5   | Received a gift from Okawaru
 15133 | Lair:5   | Reached skill level 13 in Fighting
 15444 | Lair:5   | Found a viscous altar of Jiyva.
 15445 | Lair:5   | Found a staircase to the Slime Pits.
 15592 | Lair:6   | Entered Level 6 of the Lair of Beasts
 15974 | Lair:5   | Received a gift from Okawaru
 16091 | Lair:6   | Reached skill level 15 in Long Blades
 16252 | Lair:6   | Received a gift from Okawaru
 16351 | Lair:6   | Received a gift from Okawaru
 16365 | Lair:6   | Reached skill level 10 in Armour
 16414 | Lair:6   | Received a gift from Okawaru
 16522 | Lair:6   | Reached skill level 14 in Fighting
 16844 | Lair:6   | Reached XP level 14. HP: 132/132 MP: 14/17
 17000 | Lair:6   | Noticed Sonja
 17016 | Lair:6   | Received a gift from Okawaru
 17018 | Lair:6   | Killed Sonja
 17294 | Lair:6   | Received a gift from Okawaru
 17993 | Orc:1    | Entered Level 1 of the Orcish Mines
 18077 | Orc:2    | Entered Level 2 of the Orcish Mines
 18220 | Orc:2    | Found a runed translucent gate.
 18221 | Orc:2    | Found a runed translucent gate.
 18221 | Orc:2    | Noticed a stone giant
 18222 | Orc:2    | Found a runed translucent gate.
 18223 | Orc:2    | Found an iron altar of Okawaru.
 18223 | Orc:2    | Noticed dhn's ghost (journeyman MiFi)
 18268 | Orc:2    | Found Rughi's General Store.
 18269 | Orc:2    | Found Jemorhut's Distillery.
 18791 | Orc:2    | Identified the +1 buckler of Okawaru's Displeasure {Will+}
                  | (Okawaru gifted it to you on level 2 of the Orcish Mines)
 18791 | Orc:2    | Received a gift from Okawaru
 18813 | Orc:2    | Bought a scroll of identify for 28 gold pieces
 18882 | Orc:2    | Reached skill level 15 in Fighting
 19368 | Orc:2    | Found Qeumestu's Jewellery Shop.
 19368 | Orc:2    | Found Bamuops's Antique Armour Boutique.
 19369 | Orc:2    | Found a one-way gate leading to the halls of Pandemonium.
 19618 | Orc:2    | Found a staircase to the Elven Halls.
 20125 | Orc:1    | Found Loudeaz's Antique Armour Boutique.
 20909 | Lair:1   | Reached skill level 16 in Fighting
 20915 | Lair:1   | Killed mandor's ghost
 21375 | D:11     | Reached skill level 1 in Shields
 21384 | D:11     | Reached XP level 15. HP: 144/144 MP: 15/18
 22089 | D:12     | Noticed Psyche
 22095 | D:12     | Killed Psyche
 22095 | D:12     | Received a gift from Okawaru
 22095 | D:12     | Found the +2 hood of the Assassin {Detection Stab+ Stlth++}
 22405 | D:12     | Found a gate leading to a gauntlet.
 22415 | Gauntlet | Entered a Gauntlet
 22415 | Gauntlet | Found a transporter.
 22424 | Gauntlet | Found a transporter.
 22439 | Gauntlet | Found a transporter.
 22440 | Gauntlet | Found a transporter.
 22454 | Gauntlet | Found a transporter.
 22470 | Gauntlet | Found a transporter.
 22475 | Gauntlet | Found a transporter.
 22479 | Gauntlet | Found a transporter.
 22508 | Gauntlet | Found a runed translucent gate.
 22509 | Gauntlet | Found a transporter.
 22509 | Gauntlet | Found a runed translucent gate.
 22510 | Gauntlet | Found a transporter.
 22514 | Gauntlet | Found a transporter.
 22533 | Gauntlet | Found a transporter.
 22557 | Gauntlet | Found a runed translucent gate.
 22703 | Gauntlet | Identified the ring of Stoicism {rElec rPois rC+ Int+5}
 23175 | D:12     | Identified the ring of Poehin {rPois Str+6}
 23901 | D:13     | Reached skill level 17 in Fighting
 24053 | D:13     | Found a gate to the Vaults.
 24573 | D:14     | Noticed Frances
 24605 | D:14     | Killed Frances
 24939 | D:14     | Received a gift from Okawaru
 25000 | D:14     | Noticed Agnes
 25010 | D:14     | Killed Agnes
 25424 | D:14     | Noticed Azrael
 25430 | D:14     | Killed Azrael
 25613 | D:14     | Received a gift from Okawaru
 26036 | D:14     | Received a gift from Okawaru
 26058 | D:14     | Reached skill level 18 in Fighting
 26061 | D:14     | Reached XP level 16. HP: 108/157 MP: 18/20
 26489 | Snake:1  | Entered Level 1 of the Snake Pit
 26734 | Snake:1  | Reached ****** piety under Okawaru
 26939 | Snake:1  | Received a gift from Okawaru
 26954 | Snake:1  | Received a gift from Okawaru
 26954 | Snake:1  | Found the +3 warlock's mirror {reflect}
 27474 | Snake:1  | Noticed Asterion
 27483 | Snake:1  | Killed Asterion
 27532 | Snake:1  | Noticed Mlioglotl
 27545 | Snake:1  | Noticed a tentacled monstrosity
 27546 | Snake:1  | Killed Mlioglotl
 27547 | Snake:1  | Reached skill level 1 in Evocations
 28320 | Snake:2  | Reached skill level 5 in Shields
 28633 | Snake:2  | Reached skill level 19 in Fighting
 28779 | Snake:2  | Noticed Aizul
 28788 | Snake:2  | Killed Aizul
 30238 | Snake:3  | Received a gift from Okawaru
 30377 | Snake:3  | Identified the +1 chain mail "Caczuga" {Dex+7} (Okawaru
                  | gifted it to you on level 3 of the Snake Pit)
 30377 | Snake:3  | Received a gift from Okawaru
 30552 | Snake:3  | Reached skill level 15 in Crossbows
 30647 | Snake:3  | Identified the +4 chain mail of Yteckaot {+Inv rF++ Dex-2}
 31003 | Snake:4  | Entered Level 4 of the Snake Pit
 31365 | Snake:4  | Reached XP level 17. HP: 167/168 MP: 18/21
 32585 | Snake:4  | Reached skill level 10 in Dodging
 33093 | Snake:4  | Reached skill level 20 in Fighting
 33107 | Snake:4  | Identified the +0 pair of boots "Qamoda" {rF++ Int-2}
                  | (Okawaru gifted it to you on level 4 of the Snake Pit)
 33107 | Snake:4  | Received a gift from Okawaru
 34145 | Snake:4  | Got a serpentine rune of Zot
 34534 | Shoals:1 | Entered Level 1 of the Shoals
 34661 | Shoals:1 | Found a runed translucent gate.
 34661 | Shoals:1 | Found a runed translucent gate.
 34661 | Shoals:1 | Found a runed translucent gate.
 34770 | Shoals:1 | Found a runed translucent door.
 34773 | Shoals:1 | Noticed Liimbo's ghost (adept FoWn)
 35195 | Shoals:1 | Identified the +5 scale mail of Fortification {rElec Regen+
                  | Int+3} (Okawaru gifted it to you on level 1 of the Shoals)
 35195 | Shoals:1 | Received a gift from Okawaru
 35962 | Shoals:1 | Killed Liimbo's ghost
 35963 | Shoals:1 | Identified the ring of Deleusu {rC+ rCorr Slay+2}
 36201 | Shoals:2 | Reached XP level 18. HP: 172/180 MP: 23/23
 37088 | Shoals:3 | Noticed AtomicRavioli's ghost (adept OgFi)
 37091 | Shoals:3 | Found a transporter.
 37131 | Shoals:3 | Reached skill level 21 in Fighting
 37304 | Shoals:3 | Reached skill level 10 in Shields
 37919 | Shoals:3 | Found a transporter.
 37995 | Shoals:3 | Killed AtomicRavioli's ghost
 38445 | Shoals:3 | Identified the +5 quarterstaff "Seosuech" {venom, Contam
                  | Dex+5 SInv}
 38447 | Shoals:3 | Identified the ring of Qeeg {*Slow rCorr Int+3 Dex+3}
 38770 | Orc:1    | Bought a faintly humming crystal plate armour for 2720 gold
                  | pieces
 38770 | Orc:1    | Identified the +4 crystal plate armour "Kovit" {rPois rF-
                  | rC+++ Will-} (You bought it in a shop on level 1 of the
                  | Orcish Mines)
 38955 | D:15     | Entered Level 15 of the Dungeon
 39394 | D:15     | Identified the +2 pair of boots "Uzemar" {Rampage +Inv
                  | rElec Int-3} (Okawaru gifted it to you on level 15 of the
                  | Dungeon)
 39394 | D:15     | Received a gift from Okawaru
 39672 | D:15     | Found a staircase to the Depths.
 39684 | D:15     | Noticed Kirke
 39692 | D:15     | Killed Kirke
 39994 | Shoals:1 | Identified the +8 trident of Goereb {antimagic, rN+ Str+3}
 40065 | Shoals:4 | Entered Level 4 of the Shoals
 40231 | Shoals:4 | Noticed Donald
 40244 | Shoals:4 | Killed Donald
 40385 | Shoals:4 | Reached skill level 5 in Stealth
 41158 | Shoals:4 | Reached skill level 22 in Fighting
 41377 | Shoals:4 | Got a barnacled rune of Zot
 42508 | Vaults:1 | Entered Level 1 of the Vaults
 42538 | Vaults:1 | Received a gift from Okawaru
 42721 | Vaults:1 | Reached XP level 19. HP: 182/192 MP: 24/24
 43961 | Vaults:1 | Received a gift from Okawaru
 44555 | Vaults:2 | Received a gift from Okawaru
 44599 | Vaults:2 | Received a gift from Okawaru
 45171 | Vaults:2 | Received a gift from Okawaru
 45189 | Vaults:2 | Identified the +0 hat "Hasm" {rPois Dex+4} (Okawaru gifted
                  | it to you on level 2 of the Vaults)
 45189 | Vaults:2 | Received a gift from Okawaru
 45538 | Vaults:2 | Found a staircase to the Crypt.
 45583 | Vaults:2 | Reached skill level 23 in Fighting
 45805 | Vaults:2 | Found Oskaf's Book Boutique.
 45853 | Vaults:2 | Found the +8 glaive of the Guard {elec, spectral, AC+5}
 47264 | Vaults:3 | Found Essits's Magic Scroll Boutique.
 47504 | Vaults:3 | Reached XP level 20. HP: 188/204 MP: 25/25
 48024 | Vaults:4 | Got Berur's Volume of Torrid Attacks
 48073 | Vaults:4 | Received a gift from Okawaru
 48422 | Vaults:4 | Found the ring of the Hare {EV+8}
 48431 | Vaults:4 | Received a gift from Okawaru
 48666 | Vaults:4 | Received a gift from Okawaru
 48789 | Vaults:4 | Received a gift from Okawaru
 49203 | Vaults:4 | Reached skill level 24 in Fighting
 49832 | Elf:1    | Entered Level 1 of the Elven Halls
 50254 | Elf:1    | Found Uziot's Weapon Shop.
 50254 | Elf:1    | Found Zoppethra's General Store.
 50255 | Elf:1    | Found Utafiu Baffo's Assorted Antiques.
 50257 | Elf:1    | Found Tamodyty's Antique Weapon Boutique.
 50583 | Elf:1    | Got Kikubaaqudgha's Disquisition on Stolen Souls
 51009 | Elf:2    | Paralysed by an air elemental for 1 turns
 51039 | Elf:2    | Found a runed translucent gate.
 51048 | Elf:2    | Found a runed translucent gate.
 51050 | Elf:2    | Found a runed translucent gate.
 51323 | Elf:2    | Received a gift from Okawaru
 51472 | Elf:2    | Identified the +0 pair of boots of the Ears {Will+ Int+3}
                  | (Okawaru gifted it to you on level 2 of the Elven Halls)
 51472 | Elf:2    | Received a gift from Okawaru
 52662 | Elf:2    | Reached XP level 21. HP: 215/215 MP: 26/26
 52819 | Elf:2    | Found Latiso's Book Shoppe.
 52998 | Elf:3    | Entered Level 3 of the Elven Halls
 53805 | Elf:3    | Reached skill level 25 in Fighting
 53840 | Elf:3    | HP: 6/217 [deep elf death mage/vampiric draining (19)]
 53845 | Elf:3    | Shot with an arrow by a deep elf master archer

Illustrated notes

Levels and vault maps discovered:
D:1:      evilmike_arrival_fibonacci_small, layout_basic,
          minmay_misc_feat_nine_boxes
D:2:      layout_basic, serial_shops, nicolae_shop_trees,
          dreamdust_ecumenical_altar_drowned_temple, interstate_on_off
D:3:      layout_rooms, lemuel_doored_altar
D:4:      layout_loops_ring, nicolae_uskayaw_suspiria
D:5:      layout_cave_pods
D:6:      lemuel_ratsnest, layout_loops_ring, minmay_temple_entry_arrows,
          serial_shops, shop, uniq_maggie
D:7:      layout_basic, mainiacjoe_overflow_big_doors
D:8:      layout_rooms, due_lair_maze_entry_diamond
D:9:      layout_roguey, gammafunk_ghost_ooze
D:10:     layout_rooms, minmay_orc_entry_temple_small, serial_shops,
          kennysheep_little_box, enter_bailey_4, uniq_urug, uniq_josephine
D:11:     layout_basic, st_stairs_8
D:12:     kennysheep_blocky_room, layout_basic, gauntlet_entry_generic,
          uniq_psyche
D:13:     layout_roguey, david_vaults_4
D:14:     layout_loops_ring, serial_park_avenue1, grunt_decor_cap, uniq_agnes,
          uniq_azrael, uniq_frances
D:15:     hangedman_depths_entry_try_elsewhere_first, layout_rooms,
          serial_bayou_pond_d, uniq_kirke
Temple:   dpeg_five_rooms_temple
Lair:1:   layout_cave_shapes, gammafunk_ghost_berserking_beasts,
          beast_lair_carwin_3
Lair:2:   layout_regular_city, nicolae_lair_liquid_snakes
Lair:3:   layout_cellular_growth, minmay_shoals_entry_lonely_mermaid,
          minmay_snake_entry_guardpost_medium, grunt_megastairs_1,
          lemuel_fruit_tree, serial_bayou_shore_a
Lair:4:   nzn_winding_woodlands_cross [nzn_winding_woodlands_5x15_zeroes,
          nzn_winding_woodlands_5x15_pockets, nzn_winding_woodlands_5x15_parted,
          nzn_winding_woodlands_5x15_twine,
          nzn_winding_woodlands_15x15_five_gardens], layout_long_grid,
          st_stairs_6
Lair:5:   layout_long_grid, slime_altar_1, serial_bayou_crossing,
          lemuel_fruit_fields
Lair:6:   evilmike_catoblepas_cave, layout_gridlike, st_stairs_11,
          grunt_megastairs_3, uniq_sonja
Shoals:1: layout_shoals, gammafunk_ghost_grave, nicolae_shoals_beach_cooler
Shoals:2: layout_shoals
Shoals:3: layout_shoals, ebering_ghost_davey_jones
Shoals:4: shoals_end_grunt_garden, layout_shoals, uniq_donald
Snake:1:  nicolae_snake_shooting_gallery, layout_onion_interference,
          st_stairs_6, uniq_mlioglotl, uniq_asterion
Snake:2:  layout_onion, uniq_aizul
Snake:3:  layout_rooms, nicolae_elevator_lobby_asterisk
Snake:4:  snake_pit_salamanders_mu, layout_cave_town
Orc:1:    layout_caves, serial_shops, nicolae_shop_crystal
Orc:2:    pf_orc_diabolical, layout_diamond_mine,
          gammafunk_ghost_fury_of_okawaru
Elf:1:    layout_gridlike, minmay_elf_necromancy,
          nicolae_concentric_dashed_squares_mild, serial_sigils_hangedman_gut,
          minmay_shoptagon
Elf:2:    nicolae_elf_blades_splatter_lattice [nicolae_blade_bullseye],
          layout_rooms, serial_shops, nicolae_lakefront_shop, moated_statue
Elf:3:    elf_hall, layout_loops_cross, nicolae_elf_crossing_hall
Vaults:1: portal_desolation_entry_ruin, ontoclasm_vaults_gateway, v_misc_33,
          nicolae_vaults_angled_halls, nicolae_vaults_big_ls,
          hangedman_vaults_river_flow, vaults_mumra_hex,
          nicolae_vaults_network_barrier, nicolae_vaults_border_crossing,
          nicolae_vaults_rhombus_6, vaults_dpeg_spiral,
          nicolae_vaults_little_squares_3, hangedman_vaults_corner_blocks,
          nicolae_vaults_asterisk, layout_vaults_maze_bifur
Vaults:2: v_misc_16, hangedman_vaults_capsules, v_misc_29,
          minmay_crypt_entry_simple_walls, ontoclasm_vaults_fault,
          dpeg_vaults_monster_box, v_pattern_3, vaults_room_boxed,
          layout_vaults_big_room, serial_shops, nicolae_square_shop
Vaults:3: vaults_room_pool, nicolae_vaults_rhombus_7, v_misc_3,
          nicolae_vaults_theta, hangedman_vaults_cutoff, vaults_dpeg_hooks,
          v_pattern_1, ontoclasm_vaults_ring_large,
          ontoclasm_vaults_water_temple, v_alt_pattern_6, v_alt_pattern_6,
          nicolae_vaults_mini_display_case, layout_vaults_omnibox, serial_shops,
          nicolae_shop_trees
Vaults:4: vaults_room_ringed_pool, ontoclasm_vaults_pinch,
          grunt_vaults_diagonal, v_misc_30, grunt_vaults_funnel,
          grunt_vaults_hallway_short, vaults_room_grid, dpeg_vaults_monster_row,
          vaults_mumra_minichess_inversion, vaults_dpeg_encased_lava,
          nicolae_vaults_diagonal_hallway_9, hangedman_vaults_cutoff,
          vaults_dpeg_diagonal, layout_vaults_omnicross

Skill      XL: |  1  2  3  4  5  6  7  8  9 10 11 12 13 14 15 16 17 18 19 20 21 |
---------------+----------------------------------------------------------------+-----
Crossbows      | 5 6 7 8 9 10 11 12 13 14 15 16 17 | 17.5
Short Blades   | 1 2 4 |  4.8
Armour         | 1 2 3 5 7 8 9 10 11 12 13 | 13.8
Fighting       | 3 4 5 6 7 9 11 12 14 16 18 19 20 22 23 24 25 | 25.0
Stealth        | 1 2 3 4 5 |  5.3
Long Blades    | 3 6 9 11 13 15 16 17 18 19 20 21 | 21.9
Dodging        | 3 4 5 7 8 9 10 11 12 13 | 13.0
Invocations    | 1 3 4 5 6 7 8 |  8.9
Shields        | 1 3 6 9 11 12 14 | 14.4
Evocations     | 1 3 |  3.4

Action                   |  1- 3 |  4- 6 |  7- 9 | 10-12 | 13-15 | 16-18 | 19-21 || total
-------------------------+-------+-------+-------+-------+-------+-------+-------++-------
Melee: Short sword       |    33 |    26 |    43 |       |       |       |       ||   102
       Headbutt          |     3 |     3 |    22 |    91 |   130 |   166 |   214 ||   629
       Falchion          |       |       |   141 |   148 |     9 |       |       ||   298
       Punch             |       |       |     3 |    16 |    11 |       |       ||    30
       Double sword      |       |       |       |   201 |   489 |   751 |   700 ||  2141
 Fire: Hand crossbow     |    51 |    57 |   145 |   204 |   446 |   664 |   398 ||  1965
Invok: Heroism           |       |       |    13 |    50 |    33 |    30 |     9 ||   135
       Finesse           |       |       |       |       |     1 |     5 |     5 ||    11
Evoke: Wand              |       |       |       |       |     2 |     2 |    42 ||    46
  Use: Scroll            |     2 |     3 |     6 |    10 |    12 |     9 |     6 ||    48
       Potion            |       |       |       |       |       |     4 |     4 ||     8
 Stab: Distracted        |       |       |       |     1 |       |       |     1 ||     2
       Sleeping          |       |       |       |       |       |     3 |     3 ||     6
Armor: Leather armour    |     5 |       |       |       |       |       |       ||     5
       Chain mail        |    12 |    17 |    64 |    38 |       |       |       ||   131
       Swamp dragon scal |       |       |       |   100 |   209 |   426 |   204 ||   939
Dodge: Dodged            |    14 |    13 |    76 |   200 |   365 |   484 |   270 ||  1422
Block: Buckler           |       |       |       |       |    61 |   551 |   323 ||   935
       Reflection        |       |       |       |       |     3 |    60 |    53 ||   116
